 Dungeon Crawl Stone Soup version 0.16.2-12-gd0ad4c3 (webtiles) character file.

80 spacemonkey the Chiller (level 4, 0/30 HPs)
             Began as a Human Ice Elementalist on Oct 1, 2015.
             Slain by kraktruk's ghost (5 damage)
             ... on level 3 of the Dungeon.
             The game lasted 00:34:00 (3026 turns).

spacemonkey the Chiller (Human Ice Elementalist)    Turns: 3026, Time: 00:34:01

Health: 0/30       AC: 10    Str: 10    XL:     4   Next: 65%
Magic:  4/8        EV: 12    Int: 15    God:
Gold:   61         SH:  0    Dex: 13    Spells: 3 memorised, 2 levels left

rFire  + . .     SeeInvis .     h - +0 hunting sling
rCold  . . .     Clarity  .     j - +2 leather armour {rF+}
rNeg   . . .     SustAb   .     (no shield)
rPois  .         Gourm    .     (no helmet)
rElec  .         Spirit   .     (no cloak)
rCorr  .         Warding  .     (no gloves)
rMut   .         Stasis   .     (no boots)
MR     .....                    (no amulet)
Stlth  ++........               (no ring)
                                f - ring of flight

@: icy armour, not resistant to hostile enchantments, unstealthy
A: no striking features
a: Evoke Flight


You were on level 3 of the Dungeon.
You were not hungry.

You visited 1 branch of the dungeon, and saw 3 of its levels.

You collected 61 gold pieces.

Inventory:

Hand weapons
 h - a +0 hunting sling (weapon)
 i - a +0 club
 m - a +0 short sword
Missiles
 d - 80 arrows
 e - 3 sling bullets (quivered)
 l - 24 bolts
Armour
 a - a +0 robe
 j - a +2 leather armour of fire resistance (worn)
Jewellery
 f - a ring of flight (left hand)
Scrolls
 g - 3 scrolls of amnesia
 o - 2 scrolls of identify
Books
 b - a book of Frost

   Spells                             Type                      Level
   a - Freeze                         Ice                          1
   b - Throw Frost                    Conjuration/Ice              2
   c - Ozocubu's Armour               Charms/Ice                   3
   d - Throw Icicle                   Conjuration/Ice              4
   e - Summon Ice Beast               Ice/Summoning                4
   f - Condensation Shield            Ice                          4
Comestibles
 c - a bread ration


   Skills:
 + Level 0.2 Fighting
 + Level 1.4 Slings
 + Level 0.2(0.9) Throwing
 + Level 2.6 Dodging
 + Level 2.4 Stealth
 + Level 2.5 Spellcasting
 + Level 1.1 Conjurations
 + Level 3.6 Ice Magic


You had 2 spell levels left.
You knew the following spells:

 Your Spells              Type           Power        Failure   Level  Hunger
a - Freeze                Ice            ##..         10%         1    #......
b - Throw Frost           Conj/Ice       #.....       21%         2    ###....
c - Ozocubu's Armour      Chrm/Ice       #.......     50%         3    ###....


Dungeon Overview and Level Annotations

Branches:
Dungeon (3/15)

Altars:

Annotations:
D:3 kraktruk's ghost, weakling HEWz


Message History

Kraktruk's ghost hits you. Kraktruk's ghost hits you.
Kraktruk's ghost hits you!
* * * LOW HITPOINT WARNING * * *
Kraktruk's ghost ripples.
Kraktruk's ghost barely misses you.
You aren't carrying any potions.
Read which item? (? for menu, Esc to quit)
Okay, then.
Casting: Throw Frost
Confirm with . or Enter, or press ? or * to list all spells.
A film of ice covers your body!
Kraktruk's ghost hits you but does no damage.
Kraktruk's ghost hits you but does no damage.
Your magical contamination has completely faded away.
You see here a spear.
Kraktruk's ghost hits you.
* * * LOW HITPOINT WARNING * * *
Kraktruk's ghost hits you.
You die...

# #.....###### #.
####.......# ##.
#..........###
...#.#..........###
#.#.#.#.####.....#
#...#.#.# #.....# #
####..)..# ###...#
#.#<.#W#.### #...#
#....@.#.# #...#
###.####.# #...#
#.. ..# ##### ####
..# #... #.## .


You could see kraktruk's ghost.

Vanquished Creatures
  An adder (D:3)
  A worm (D:2)
  3 giant geckos
  3 ball pythons
  4 goblins
  11 hobgoblins
  6 jackals
  10 kobolds
  10 bats
  A giant gecko skeleton (D:3)
  4 giant newts
  6 rats
60 creatures vanquished.

Notes
Turn   | Place    | Note
--------------------------------------------------------------
     0 | D:1      | spacemonkey, the Human Ice Elementalist, began the quest for the Orb.
     0 | D:1      | Reached XP level 1. HP: 13/13 MP: 3/3
   275 | D:1      | Reached XP level 2. HP: 19/19 MP: 0/4
   676 | D:1      | Learned a level 2 spell: Throw Frost
   796 | D:1      | Reached XP level 3. HP: 24/24 MP: 0/6
  1619 | D:2      | Learned a level 3 spell: Ozocubu's Armour
  2079 | D:2      | Reached XP level 4. HP: 30/30 MP: 5/8
  2446 | D:2      | Reached skill level 1 in Slings
  2979 | D:3      | Noticed kraktruk's ghost (weakling HEWz)
  3026 | D:3      | Slain by kraktruk's ghost

Action                   |  1- 3 |  4- 6 || total
-------------------------+-------+-------++-------
Melee: Unarmed           |     9 |       ||     9
       Short sword       |    42 |       ||    42
 Fire: Hunting sling     |    17 |    33 ||    50
Throw: Stone             |     5 |       ||     5
 Cast: Freeze            |    28 |       ||    28
       Throw Frost       |    21 |    21 ||    42
       Ozocubu's Armour  |     2 |     1 ||     3
  Use: Scroll            |     3 |       ||     3
       Potion            |     2 |     1 ||     3
  Eat: Chunk             |     6 |     4 ||    10
       Bread ration      |       |     1 ||     1
